AoeStats
← WaCCos

Arabia

509899328Analyzed
1v1 RM · 5d ago on Sep 28, 2026· 30m 0s· 2 players
Game mode
Random Map
Map size
Tiny (2 player)
Population
200
Speed
Normal
Resources
Standard
Victory
Conquest
Starting age
Dark Age
Ending age
Imperial Age
RankedLock teamsTeams togetherTeam positionsShared explorationLock speedFull tech treeHidden civsTurbo modeCheats
Victory
Defeat
🇭🇰 Danes · Hong Kong SAR China
1391
+15
🇩🇪 Saxons · Germany
1373
-15
WaCCos
6:34 Loom
9:17 Feudal Age
13:58 Wheelbarrow
14:02 Double-Bit Axe
15:04 Fletching
18:12 Padded Archer Armor
19:47 Horse Collar
24:58 Castle Age
25:07 Crossbowman
25:52 Thumb Ring
26:33 Bodkin Arrow
phlui1122
5:09 Loom
8:36 Feudal Age
8:59 Man-at-Arms
9:32 Double-Bit Axe
16:20 Fletching
22:02 Castle Age
20:41 Padded Archer Armor
20:38 Horse Collar
21:13 Town Watch
22:43 Bodkin Arrow
22:11 Elite Skirmisher
24:18 Wheelbarrow
25:15 Gambesons
26:18 Leather Archer Armor
26:13 Heavy Plow
26:17 Arson
26:33 Squires
26:59 Bow Saw
29:25 Ballistics
Connection lost

Rejoining the realm…

Still unreachable

The connection could not be restored.

Session expired

The server has moved on; the page needs a fresh start.